 Dungeon Crawl Stone Soup version 0.31-a0-1074-g0b22e4e0f1 (webtiles) character file.

Game seed: 7688284301304468684

160 LeprechaunX the Changeling (level 5, 0/35 HPs)
             Began as an Octopode Shapeshifter on Nov 28, 2023.
             Slain by a goblin
             ... wielding a +0 dagger
             ... led by Robin
              (2 damage)
             ... on level 4 of the Dungeon.
             The game lasted 00:02:30 (2647 turns).

LeprechaunX the Changeling (Octopode Shapeshifter)  Turns: 2647, Time: 00:02:31

Health: 0/35       AC:  1    Str: 14    XL:     5   Next: 41%
Magic:  5/5        EV: 12    Int: 12    God:
Gold:   174        SH:  4    Dex: 13    Spells: 4/4 levels left

rFire   . .          .
                       - Unarmed
rCold   . . .        m - +0 buckler
rNeg    . . .        (helmet currently unavailable)
rPois   .            (no amulet)
rElec   .            (no ring)
rCorr   .            (no ring)
SInv    .            (no ring)
Will    .....        (no ring)
Stlth   ++           (no ring)
HPRegen 0.25/turn    (no ring)
MPRegen 0.09/turn    (no ring)
                     (no ring)

%: no passive effects
@: beast-form
A: beast (slay +2), almost no armour, amphibious, 8 rings, camouflage 1,
gelatinous body 1, (nimble swimmer 1), tentacles
a: Begin Untransformation


You were on level 4 of the Dungeon.
You were a hulking beast.
You visited 1 branch of the dungeon, and saw 4 of its levels.

You collected 174 gold pieces.

Inventory:

Hand Weapons
 r - a +0 sling
Armour
 m - a +0 buckler (worn)
Jewellery
 e - a ring of wizardry
 p - the amulet of Pipucih {Faith Int+3}
   (You found it on level 2 of the Dungeon)

   [amulet of faith]

   Faith:     It allows you to gain divine favour quickly.
   Int+3:     It affects your intelligence (+3).
Talismans
 b - a beast talisman
 c - a flux talisman
Scrolls
 d - a scroll of immolation {unknown}
 i - 4 scrolls of teleportation {unknown}
 j - 2 scrolls of enchant weapon {unknown}
 k - 2 scrolls of amnesia {unknown}
 o - 2 scrolls of identify {unknown}
 q - a scroll of blinking {unknown}
Potions
 a - a potion of lignification
 f - 3 potions of heal wounds {unknown}
 g - a potion of enlightenment {unknown}
 h - a potion of invisibility {unknown}
 l - a potion of magic {unknown}
 n - a potion of degeneration {unknown}


   Skills:
 + Level 2.3 Fighting
 - Level 2.0 Dodging
 + Level 1.5 Shields
 + Level 3.8 Unarmed Combat
 * Level 4.2 Shapeshifting


You had 4 spell levels left.
You didn't know any spells.
Your spell library was empty.

Dungeon Overview and Level Annotations

Branches:
Dungeon (4/15)
 Temple: D:4-7

Altars:
Vehumet

Shops:
D:1 *

Annotations:
D:4 Robin


Innate Abilities, Weirdness & Mutations

You are a hulking beast.
Your limbs bulge with bestial killing power. (Slay +2)
You cannot wear most types of armour.
You are amphibious.
You can wear up to eight rings at the same time.
Your skin changes colour to match your surroundings (Stealth+).
Your rubbery body absorbs attacks. (AC +1, EV +1)
((You are camouflaged when in or above water. (Stealth+)))
You have tentacles for arms and can constrict up to eight enemies at once.


Message History

You grab the goblin. You constrict the goblin.
You block the hobgoblin's attack. The goblin misses you.
You bludgeon the goblin!
You kill the goblin!
Robin throws the goblin at you! You block the goblin's attack.
The hobgoblin barely misses you.
You tentacle-slap the hobgoblin.
You kill the hobgoblin!
The hobgoblin hits you but does no damage.
The hobgoblin hits you. The goblin barely misses you.
Unknown command.
Robin throws the goblin at you!
The hobgoblin attacks as it pursues you!
The hobgoblin closely misses you. The goblin barely misses you.
The goblin closely misses you. The hobgoblin barely misses you.
You tentacle-slap the goblin. Your grab misses the goblin.
The goblin is heavily wounded.
Robin throws the goblin at you! The goblin hits you with a +0 club.
The hobgoblin closely misses you. You block the goblin's attack.
The hobgoblin hits you. The goblin hits you with a +0 dagger.
You barely miss the goblin. Your grab misses the goblin.
Robin throws the goblin at you! The goblin barely misses you.
The goblin hits you with a +2 dagger of protection.
The hobgoblin barely misses you. The goblin misses you. The hobgoblin hits you.
Unknown command.
You tentacle-slap the goblin. Your grab misses the goblin.
The goblin is moderately wounded.
The goblin hits you with a +0 dagger. The goblin hits you with a +0 club.
* * * LOW HITPOINT WARNING * * *
The hobgoblin barely misses you. The goblin misses you.
The goblin hits you with a +2 dagger of protection.
* * * LOW HITPOINT WARNING * * *
The hobgoblin hits you.
* * * LOW HITPOINT WARNING * * *
Unknown command.
You miss the goblin. You grab the goblin. You squeeze the goblin.
You kill the goblin!
A howler monkey comes into view.
The goblin hits you with a +0 dagger.
You die...

.. ## ..# ... ##.
...# ....#.. ...#
....#..## .....
........##..... ...
......gg.......
#...# ......gg.##
..##.....
#gg.##.........
##hg............
#..##)gg####......#
...h....#.##....#
......#.!.......#
.......#.....<.###
..........#....#
....!....)#...##
.$.?......#..##
.....#.....##


You could see a howler monkey (wandering), Robin, 3 hobgoblins and 5 goblins.

Vanquished Creatures
  2 orc priests (D:3)
  3 adders
  A worm (D:2)
  A dart slug (D:1)
  8 orcs (D:3)
  4 bats
  3 endoplasms
  5 giant cockroaches
  7 goblins
  5 hobgoblins
  3 quokkas
  6 ball pythons
  A frilled lizard (D:1)
  5 kobolds
  4 rats
58 creatures vanquished.

Notes
Turn   | Place    | Note
-------+----------+-------------------------------------------
     0 | D:1      | LeprechaunX the Octopode Shapeshifter began the quest for
                  | the Orb.
     0 | D:1      | Reached XP level 1. HP: 13/13 MP: 1/1
    81 | D:1      | Found Zigeude's Assorted Antiques.
   123 | D:1      | Found a faded altar of an unknown god.
   142 | D:1      | Reached XP level 2. HP: 18/18 MP: 2/2
   904 | D:2      | Reached XP level 3. HP: 21/23 MP: 3/3
  1077 | D:2      | Identified the amulet of Pipucih {Faith Int+3}
  1854 | D:2      | Found a radiant altar of Vehumet.
  1985 | D:3      | Reached skill level 1 in Shields
  1985 | D:3      | Reached XP level 4. HP: 12/29 MP: 4/4
  2080 | D:3      | Reached skill level 4 in Shapeshifting
  2285 | D:3      | Reached XP level 5. HP: 34/34 MP: 5/5
  2637 | D:4      | Noticed Robin
  2647 | D:4      | Slain by a goblin

Illustrated notes

Levels and vault maps discovered:
D:1:      mrwooster_arrival_statue, layout_basic, serial_shops, shop,
          ebering_ecumenical_altar_petrified, chequers_serial_rivers_small_b,
          supply_closet_lemuel
D:2:      layout_basic, basic_altar
D:3:      layout_basic
D:4:      layout_cave_pools, uniq_robin

Skill      XL: |  1  2  3  4 |
---------------+-------------+-----
Fighting       | 2 |  2.3
Shields        | 1 |  1.5
Shapeshifting  | 4 |  4.2
Dodging        | |  2.0
Unarmed Combat | |  3.8

Action                     |  1- 3 |  4- 6 || total
---------------------------+-------+-------++-------
  Melee: Unarmed           |    74 |    44 ||   118
         Constrict         |    19 |    11 ||    30
         Tentacles         |    11 |     8 ||    19
         Punch             |       |     1 ||     1
   Stab: Sleeping          |     8 |     4 ||    12
 Armour: Skin              |    24 |    25 ||    49
  Dodge: Dodged            |    34 |    38 ||    72
  Block: Buckler           |     9 |    10 ||    19

Table legend: (Time is in decaauts)
 A = Elapsed time spent in this place.
 B = Non-inter-level travel time spent in this place.
 C = Inter-level travel time spent in this place.
 D = Time resting spent in this place.
 E = Time spent auto-exploring this place.
 F = Levels seen in this place.
 G = Mean time per level.
                   A        B        C        D        E       F      G
               +--------+--------+--------+--------+--------+-----+--------+
         Total |   2642 |   2481 |    161 |     29 |   2081 |   4 |  660.5 |
       Dungeon |   2642 |   2481 |    161 |     29 |   2081 |   4 |  660.5 |
               +--------+--------+--------+--------+--------+-----+--------+

Top non-repeatable levels by time:
     D:2: 1073 daAuts
     D:1: 854 daAuts
     D:3: 694 daAuts
     D:4: 20 daAuts
